[Event "Team 45 45 League T32"]
[Site "Internet Chess Club"]
[Date "2007.02.17"]
[Round "5"]
[White "WilmaP"]
[Black "DaMelch"]
[Result "0-1"]
[WhiteElo "1176"]
[BlackElo "1223"]
[ECO "C02"]
[TimeControl "2700+45"]

1. e4 e6 2. d4 d5 3. e5 c5 4. Nf3 cxd4 5. Bd3 Nc6 6. O-O Bc5 7. a3 f6 8. b4 Bb6
9. Qe1 Bc7 10. Bf4 Nxe5 11. Nxe5 Bxe5 12. Bxe5 fxe5 13. Qxe5 Qf6 14. Qd6 Qe7 15.
Bb5+ Bd7 16. Bxd7+ Qxd7 17. Qxd7+ Kxd7 18. Rd1 Rc8 19. Ra2 e5 20. Nd2 Nf6 21.
Nf3 Rhe8 22. Re1 Ne4 23. a4 Rc3 24. Nh4 g6 25. f3 Nd2 26. a5 Kd6 27. Kf2 Rec8
28. Rc1 d3 29. Ke3 Rxc2 30. Rcxc2 dxc2 31. Ra1 Nb3 32. Rf1 c1=Q+ 33. Rxc1 Rxc1
34. b5 Nxa5 35. f4 exf4+ 36. Kxf4 d4 37. Nf3 d3 38. Nd2 Nc4 39. Ne4+ Kd5 40.
Nf6+ Kd4 41. Nxh7 d2 42. Kf3 d1=Q+ {White resigns} 0-1

[Event "Team 45 45 League T32"]
[Site "Internet Chess Club"]
[Date "2007.02.15"]
[Round "5"]
[White "Qualm"]
[Black "PiedraBuena"]
[Result "0-1"]
[WhiteElo "1806"]
[BlackElo "1782"]
[ECO "B00"]
[TimeControl "2700+45"]

1. e4 Nc6 2. Nf3 d6 3. d4 e5 4. dxe5 Nxe5 5. Nxe5 dxe5 6. Qxd8+ Kxd8 7. Bc4 Be6
8. Bg5+ Be7 9. Bxe7+ Nxe7 10. Bxe6 fxe6 11. Nd2 Ng6 12. Rd1 Ke7 13. g3 Rad8 14.
Nb3 b6 15. Ke2 a5 16. Rxd8 Rxd8 17. Rd1 Rxd1 18. Kxd1 Kd6 19. a4 c6 20. Ke2 h5
21. h4 Nf8 22. Nd2 Nd7 23. Kd3 Nc5+ 24. Ke3 Nxa4 25. b3 Nb2 26. f3 Kc5 27. Nb1
Kb4 28. Kd2 a4 29. Kc1 a3 30. Nd2 b5 31. f4 exf4 32. gxf4 Nd1 33. Kb1 Kc3 34. e5
Kxd2 35. f5 exf5 36. e6 Nc3+ 37. Ka1 Nd5 38. c4 bxc4 39. bxc4 Ne7 {White
resigns} 0-1

[Event "Team 45 45 League T32"]
[Site "Internet Chess Club"]
[Date "2007.02.16"]
[Round "5"]
[White "chipionero"]
[Black "siddhu"]
[Result "1/2-1/2"]
[WhiteElo "1694"]
[BlackElo "1806"]
[ECO "D18"]
[TimeControl "2700+45"]

1. d4 d5 2. c4 c6 3. Nf3 Nf6 4. Nc3 dxc4 5. a4 Bf5 6. e3 e6 7. Bxc4 Bb4 8. O-O
O-O 9. Qb3 a5 10. Rd1 Na6 11. Ne5 Qc7 12. Bd3 Bxd3 13. Nxd3 Nd5 14. Nxd5 cxd5
15. Nxb4 Nxb4 16. Bd2 Qc4 17. Qxc4 dxc4 18. Bxb4 axb4 19. Rdc1 Rfc8 20. Kf1 Kf8
21. a5 Ra6 22. Ra4 c3 23. Rxb4 Rxa5 24. bxc3 b5 25. Rcb1 Rxc3 26. Rxb5 Ra2 27.
R1b2 Rc2 28. Rxa2 Rxa2 29. Rb7 g6 30. g3 Kg7 31. Kg2 Kf6 32. Kf3 Ra3 33. h4 h6
34. g4 g5 35. hxg5+ hxg5 36. Ke4 Ra2 37. f4 Rf2 38. Rb6 gxf4 39. exf4 Re2+ 40.
Kf3 Rd2 41. Ke3 Rg2 42. g5+ Kf5 43. Rb5+ Kg6 44. d5 exd5 45. Rxd5 Rg1 46. Rd6+
Kg7 47. Ke4 Ra1 48. Rd5 Re1+ 49. Kf5 Re6 50. Re5 Ra6 51. Re7 Ra5+ 52. Kg4 Ra4
53. Kf5 {Game drawn by mutual agreement} 1/2-1/2

[Event "Team 45 45 League T32"]
[Site "Internet Chess Club"]
[Date "2007.02.19"]
[Round "5"]
[White "EdBorowski"]
[Black "geolovic"]
[Result "0-1"]
[WhiteElo "1916"]
[BlackElo "1731"]
[ECO "A47"]
[TimeControl "2700+45"]

1. d4 Nf6 2. Nf3 b6 3. Bf4 Bb7 4. e3 e6 5. Bd3 d6 6. Nbd2 Be7 7. c3 Nh5 8. Bg3
Nxg3 9. hxg3 h6 10. Qe2 Nd7 11. Bb5 a6 12. Ba4 b5 13. Bc2 c5 14. O-O O-O 15. Be4
Bxe4 16. Nxe4 d5 17. Nxc5 Bxc5 18. dxc5 Nxc5 19. Ne5 Qg5 20. Nd3 Ne4 21. Rfd1 h5
22. Qf3 h4 23. gxh4 Qxh4 24. Kf1 Nd2+ 25. Ke2 Nxf3 {White resigns} 0-1

[Event "Team 45 45 League T32"]
[Site "Internet Chess Club"]
[Date "2007.02.18"]
[Round "5"]
[White "fantanaranja"]
[Black "LennyH"]
[Result "0-1"]
[WhiteElo "1731"]
[BlackElo "1886"]
[ECO "E12"]
[TimeControl "2700+45"]

1. d4 Nf6 2. Nf3 e6 3. c4 b6 4. Nc3 Bb7 5. e3 Be7 6. Bd3 O-O 7. O-O d5 8. cxd5
exd5 9. Re1 c5 10. e4 cxd4 11. e5 dxc3 12. exf6 Bxf6 13. bxc3 Bxc3 14. Bxh7+ Kh8
15. Ng5 g6 16. Bxg6 fxg6 17. Qd3 Qc7 18. Ne6 Re8 19. Bf4 Qc4 20. Qxg6 Bxa1 21.
Qg7+ Bxg7 {White resigns} 0-1

[Event "Team 45 45 League T32"]
[Site "Internet Chess Club"]
[Date "2007.02.17"]
[Round "5"]
[White "Wheels"]
[Black "calily"]
[Result "1/2-1/2"]
[WhiteElo "1707"]
[BlackElo "1701"]
[ECO "C42"]
[TimeControl "2700+45"]

1. e4 e5 2. Nf3 Nf6 3. Nxe5 d6 4. Nf3 Nxe4 5. d4 d5 6. Bd3 Bd6 7. O-O O-O 8. Re1
Re8 9. c4 c6 10. Nc3 Nxc3 11. bxc3 Bg4 12. Rxe8+ Qxe8 13. cxd5 cxd5 14. Qe2 Nd7
15. Bd2 Qxe2 16. Bxe2 Re8 17. Kf1 Nf6 18. h3 Bh5 19. g4 Bg6 20. Ne5 Bxe5 21.
dxe5 Ne4 22. Rd1 h6 23. f4 Ng3+ 24. Kf2 Nxe2 25. Kxe2 f6 26. Kf2 fxe5 27. fxe5
Rxe5 28. Bf4 Re4 29. Bb8 Ra4 30. Rxd5 Rxa2+ 31. Kg3 a6 32. Rd8+ Kh7 33. Be5 Bf7
34. Rd7 Kg8 {Game drawn by mutual agreement} 1/2-1/2

[Event "Team 45 45 League T32"]
[Site "Internet Chess Club"]
[Date "2007.02.18"]
[Round "5"]
[White "egd01"]
[Black "Sean"]
[Result "1/2-1/2"]
[WhiteElo "1585"]
[BlackElo "1643"]
[ECO "C02"]
[TimeControl "2700+45"]

1. e4 e6 2. d4 d5 3. e5 c5 4. c3 Bd7 5. Nf3 Nc6 6. a3 Rc8 7. b4 cxd4 8. cxd4
Nge7 9. Nbd2 Nf5 10. Nb3 b6 11. Bd3 Be7 12. b5 Na5 13. Nxa5 bxa5 14. O-O Qb6 15.
Bxf5 exf5 16. a4 Bb4 17. Qb3 Be6 18. Ba3 Rc4 19. Rfc1 O-O 20. Bb2 Rfc8 21. Qd3
a6 22. g4 fxg4 23. Ng5 g6 24. Nxe6 fxe6 25. Qg3 h5 26. h3 gxh3 27. Qxg6+ Kf8 28.
Qh6+ Ke7 29. Qh7+ Kd8 30. Qh8+ Kd7 31. Qxh5 axb5 32. axb5 Qxb5 33. Qxh3 Rg8+ 34.
Kh2 Qb8 35. Qh7+ Kc6 36. Rxc4+ dxc4 37. Qe4+ Kb5 38. Rg1 Rxg1 39. Kxg1 a4 40.
Qf3 Qc7 41. d5 Qb7 42. Qh5 Qxd5 43. Qe8+ Qc6 44. Qb8+ Qb6 45. Qe8+ Ka5 46. Qa8+
Qa6 47. Qd8+ Kb5 48. Qb8+ Qb6 49. Qe8+ Qc6 50. Qb8+ Kc5 51. Qf8+ Kb5 52. Qb8+
{Game drawn by repetition} 1/2-1/2

[Event "Team 45 45 League T32"]
[Site "Internet Chess Club"]
[Date "2007.02.20"]
[Round "5"]
[White "SkinnyPuppy"]
[Black "Ozgur-Bjk"]
[Result "1-0"]
[WhiteElo "2188"]
[BlackElo "2127"]
[ECO "B23"]
[TimeControl "2700+45"]

1. e4 c5 2. Nc3 Nc6 3. f4 g6 4. Nf3 Bg7 5. Bb5 Nd4 6. Bd3 d6 7. O-O Bg4 8. Bb5+
Nxb5 9. Nxb5 e6 10. h3 Bxf3 11. Qxf3 Ne7 12. d3 a6 13. Nc3 d5 14. f5 exf5 15.
exf5 Nxf5 16. g4 Nd6 17. Re1+ Kf8 18. Nxd5 h5 19. Ne7 Bd4+ 20. Kg2 Kg7 21. c3
hxg4 22. hxg4 Bf6 23. Nd5 Bg5 24. Bf4 Bxf4 25. Qxf4 Ne8 26. Qe5+ Nf6 27. c4 Rh4
28. g5 Qd7 29. Nxf6 Qh3+ 30. Kf2 Kf8 31. Qe8+ {Black resigns} 1-0

[Event "Team 45 45 League T32"]
[Site "Internet Chess Club"]
[Date "2007.03.02"]
[Round "5"]
[White "DeLaSalle"]
[Black "PvsNP"]
[Result "1-0"]
[WhiteElo "2010"]
[BlackElo "1765"]
[ECO "A03"]
[TimeControl "2700+45"]

1. f4 d5 2. b3 Nf6 3. Bb2 g6 4. Nf3 Bg7 5. e3 O-O 6. Be2 c5 7. O-O Nc6 8. Ne5
Qc7 9. Nc3 a6 10. Nxc6 Qxc6 11. Bf3 Qd6 12. d3 Ra7 13. a4 b6 14. Qe2 Rd7 15. g3
Bb7 16. Nd1 Ne8 17. Bxg7 Nxg7 18. Nf2 e5 19. fxe5 Qxe5 20. Ng4 Qe7 21. e4 dxe4
22. dxe4 Ne6 23. Bg2 Nd4 24. Qf2 f5 25. exf5 Rxf5 26. Nh6+ Kg7 27. Nxf5+ Nxf5
28. Bxb7 Rxb7 29. Rae1 Qg5 30. Qf4 Qxf4 31. Rxf4 Nd4 32. Rf2 b5 33. axb5 axb5
34. Re5 Rc7 35. Rd5 Nf5 36. c3 Ne3 37. Rd3 Nf5 38. g4 Ne7 39. Re2 Nc6 40. Rde3
Kf7 41. Kf2 Rd7 42. h4 Rc7 43. Kg3 Rd7 44. g5 Ne7 45. Rf3+ Nf5+ 46. Kg4 Rd5 47.
Ref2 Ke6 48. Re2+ Kf7 49. h5 b4 50. cxb4 cxb4 51. Rf4 Rb5 52. h6 Rb7 53. Ree4
Kg8 54. Kf3 Rd7 55. Rxb4 Rd3+ 56. Kf2 Rd2+ 57. Ke1 Rg2 58. Rg4 Rh2 59. Rb8+ Kf7
60. Rb7+ Ke6 61. Rxh7 Kd5 62. Ra7 Ne3 63. Ra5+ Kc6 64. Re4 Ng2+ 65. Kf1 Nh4 66.
Re6+ Kd7 67. Rf6 Rh1+ 68. Ke2 Rh2+ 69. Kd3 Ng2 70. Ra7+ Ke8 71. Kc3 Rh3+ 72. Kb2
{Black resigns} 1-0

[Event "Team 45 45 League T32"]
[Site "Internet Chess Club"]
[Date "2007.02.20"]
[Round "5"]
[White "Chief-Justice"]
[Black "SneakyRed"]
[Result "1-0"]
[WhiteElo "1889"]
[BlackElo "1831"]
[ECO "B18"]
[TimeControl "2700+45"]

1. e4 c6 2. d4 d5 3. Nc3 dxe4 4. Nxe4 Bf5 5. Ng3 Bg6 6. Nf3 Nd7 7. h4 h6 8. h5
Bh7 9. Bd3 Bxd3 10. Qxd3 e6 11. Bf4 Ngf6 12. O-O-O a5 13. Rhe1 Be7 14. c4 O-O
15. Re2 a4 16. a3 Qa5 17. Bd2 Qc7 18. Bc3 Rfd8 19. Qc2 b5 20. d5 cxd5 21. cxd5
Nxd5 22. Rxd5 exd5 23. Rxe7 Qf4+ 24. Kb1 Nf6 25. Be5 Qg4 26. Bxf6 gxf6 27. Qd2
Kg7 28. Qd3 Kf8 29. Rb7 Rac8 30. Qh7 Qg7 31. Qxg7+ Kxg7 32. Nf5+ Kh8 33. Nxh6
Re8 34. Nxf7+ Kg8 35. Nd6 Rcd8 36. Nxe8 Rxe8 37. h6 Re4 38. g3 d4 39. Nh4 Rg4
40. Rg7+ Rxg7 41. hxg7 Kxg7 42. Nf5+ {Black resigns} 1-0

[Event "Team 45 45 League T32"]
[Site "Internet Chess Club"]
[Date "2007.02.18"]
[Round "5"]
[White "fledermaus"]
[Black "BaroneRosso"]
[Result "0-1"]
[WhiteElo "1939"]
[BlackElo "2024"]
[ECO "E34"]
[TimeControl "2700+45"]

1. d4 Nf6 2. c4 e6 3. Nc3 Bb4 4. Qc2 d5 5. cxd5 Qxd5 6. Nf3 Qf5 7. Qxf5 exf5 8.
Bd2 c6 9. e3 Nbd7 10. Bd3 Nb6 11. Ke2 O-O 12. Ne5 Be6 13. b3 Rad8 14. Nc4 Nxc4
15. bxc4 Be7 16. Rhc1 Rd7 17. Rab1 Re8 18. f4 g6 19. Rc2 Bf8 20. a4 Rde7 21. Nd1
Bc8 22. a5 Bh6 23. Kf3 Bg7 24. h3 h5 25. Bb4 Rd7 26. Nf2 Bf8 27. Bxf8 Kxf8 28.
Rc3 Rde7 29. Rcb3 Rxe3# {White checkmated} 0-1

[Event "Team 45 45 League T32"]
[Site "Internet Chess Club"]
[Date "2007.02.24"]
[Round "5"]
[White "camembert"]
[Black "ddlj81"]
[Result "1/2-1/2"]
[WhiteElo "1939"]
[BlackElo "1913"]
[ECO "D10"]
[TimeControl "2700+45"]

1. d4 d5 2. c4 c6 3. cxd5 cxd5 4. Nc3 Nf6 5. Bf4 Nc6 6. e3 a6 7. Be2 Bf5 8. g4
Bg6 9. Qb3 Ra7 10. g5 Nh5 11. Bxh5 Bxh5 12. Nxd5 Qa5+ 13. Kf1 e6 14. Nb6 Bb4 15.
Nc4 Qd5 16. Nd6+ Kd7 17. Qxd5 exd5 18. Nf5 b5 19. Ng3 Bg6 20. Nf3 Bd6 21. Bxd6
Kxd6 22. Ke2 Rc7 23. Nh4 Rhc8 24. Nxg6 hxg6 25. Rhd1 Ne7 26. Nf1 Rc2+ 27. Rd2
Nf5 28. Kd3 R2c4 29. Ng3 Nh4 30. f4 f6 31. gxf6 gxf6 32. e4 Nf3 33. Rf2 Nxd4 34.
b3 Rc2 35. Rxc2 Nxc2 36. Rg1 Nb4+ 37. Kd4 Nxa2 38. exd5 f5 39. Ne2 Rg8 40. h4
Nb4 41. Nc3 Nc2+ 42. Kd3 Nb4+ 43. Kd4 Rh8 44. Rxg6+ Kc7 45. Rf6 Rxh4 46. Rxf5
Rh3 47. Rf7+ Kb6 48. Rf6+ Ka5 49. Ne4 Rd3+ 50. Ke5 Rxd5+ 51. Ke6 Rd3 52. Nc5
Re3+ 53. Kd6 Nd3 54. b4+ Nxb4 55. Kd7 Rc3 56. Nb7+ Ka4 57. f5 Rd3+ 58. Ke8 Rd5
59. Ke7 a5 60. Ke6 Rd1 61. Rh6 Nc6 62. f6 b4 63. f7 Nd8+ 64. Nxd8 Rxd8 65. Ke7
Rb8 66. Rd6 Rh8 67. Rh6 Ra8 68. Rd6 Ra7+ 69. Rd7 Ra8 70. Rd8 Ra7+ 71. Rd7 Ra8
{Game drawn by mutual agreement} 1/2-1/2

[Event "Team 45 45 League T32"]
[Site "Internet Chess Club"]
[Date "2007.02.18"]
[Round "5"]
[White "StrayLite"]
[Black "room-matt"]
[Result "1-0"]
[WhiteElo "1925"]
[BlackElo "1841"]
[ECO "C55"]
[TimeControl "2700+45"]

1. e4 e5 2. Nf3 Nc6 3. d4 exd4 4. Bc4 Nf6 5. e5 d5 6. Bb5 Ne4 7. Nxd4 Bd7 8.
Bxc6 bxc6 9. O-O Bc5 10. f3 Ng5 11. f4 Ne4 12. Be3 Rb8 13. Nd2 Rxb2 14. Nxe4
dxe4 15. Qd2 Qe7 16. Qc3 Rb7 17. Nb3 Bb4 18. Qd4 f5 19. exf6 gxf6 20. f5 Bd6 21.
c3 Be5 22. Qc4 Kd8 23. Nc5 Rb5 24. a4 Rb2 25. Rad1 Bd6 26. Nxe4 Re8 27. Bc1 Rb6
28. Rde1 Qg7 29. Nxd6 Rxe1 30. Nf7+ Kc8 31. Rxe1 Qf8 32. Bh6 Qa3 33. Ng5 Qb3 34.
Qxb3 Rxb3 35. Nxh7 Bxf5 36. Nxf6 Rxc3 37. Re7 Kb7 38. Bf4 Ra3 39. Rxc7+ Kb6 40.
Re7 Rxa4 41. Be3+ Ka6 42. Rxa7+ Kb5 43. Rxa4 Kxa4 44. g4 Bd3 45. Kf2 Kb5 46. Ke1
c5 47. Kd2 Bg6 48. Kc3 c4 49. h4 Bd3 50. h5 {Black resigns} 1-0

Game set as win for Black.  No rating reduction will be recommended.

Zyme
Oak division TD

[Event "Team 45 45 League T32"]
[Site "Internet Chess Club"]
[Date "2007.02.17"]
[Round "5"]
[White "JimGaming"]
[Black "Ghashgork"]
[Result "0-1"]
[WhiteElo "1354"]
[BlackElo "1531"]
[ECO "C77"]
[TimeControl "2700+45"]

1. e4 e5 2. Nf3 Nc6 3. Bb5 a6 4. Ba4 Nf6 5. d3 d6 6. c4 Be7 7. a3 O-O 8. Bxc6
bxc6 9. h3 c5 10. Nc3 Rb8 11. b3 Be6 12. Rb1 Qc8 13. Ng5 h6 14. Nxe6 fxe6 15.
O-O Qe8 16. Be3 Nh5 17. Ne2 Nf4 18. Ng3 Qg6 19. Bxf4 exf4 20. Nh1 f3 21. g3 Qh5
22. Kh2 Qe5 23. Re1 Rf7 24. Re3 Rbf8 25. b4 cxb4 26. axb4 a5 27. b5 Qc5 28. Qa4
Bg5 29. Rbe1 Bxe3 30. Rxe3 Qb4 31. Qxb4 axb4 32. Re1 Ra8 33. Rb1 Ra4 34. d4 Rf8
35. Rb3 h5 36. h4 Rfa8 37. c5 dxc5 38. dxc5 Rb8 39. Rxf3 Ra3 40. Rf4 Rxb5 41. f3
b3 42. Nf2 b2 43. e5 b1=Q 44. Rd4 Ra2 45. c6 Rxf2+ 46. Kh3 Qh1# {White
checkmated} 0-1

[Event "Team 45 45 League T32"]
[Site "Internet Chess Club"]
[Date "2007.02.14"]
[Round "5"]
[White "SeniorCitizen"]
[Black "Hastings"]
[Result "0-1"]
[WhiteElo "1320"]
[BlackElo "1363"]
[ECO "C62"]
[TimeControl "2700+45"]

1. e4 e5 2. Nf3 Nc6 3. Bb5 d6 4. O-O Be7 5. d3 Bd7 6. Bc4 Nf6 7. a3 Bg4 8. Be3
O-O 9. Nbd2 d5 10. exd5 Nxd5 11. c3 Nxe3 12. fxe3 Na5 13. Kh1 Nxc4 14. Nxc4 f6
15. Qb3 Be6 16. Qc2 e4 17. Nfd2 Qxd3 18. Qxd3 exd3 19. Rf2 Bc5 20. b4 Bb6 21.
Nxb6 axb6 22. Rf4 Kf7 23. Rd4 Rfd8 24. Kg1 c5 25. bxc5 bxc5 26. Rf4 g5 27. Rf2
Kg6 28. Ne4 Bf5 29. Nd2 b5 30. Rff1 Re8 31. Kf2 h5 32. Rfe1 Be4 33. Reb1 Ra5 34.
Nb3 Ra7 35. Nxc5 Rc7 36. Nxe4 Rxe4 37. Rc1 Rec4 {White resigns} 0-1

[Event "Team 45 45 League T32"]
[Site "Internet Chess Club"]
[Date "2007.02.15"]
[Round "5"]
[White "furrbrain"]
[Black "Gemcutter"]
[Result "0-1"]
[WhiteElo "1120"]
[BlackElo "1207"]
[ECO "B01"]
[TimeControl "2700+45"]

1. e4 d5 2. Nc3 d4 3. Nd5 c6 4. Nb4 c5 5. Nd3 e6 6. Nf3 Nc6 7. Nde5 Nxe5 8. Nxe5
Bd6 9. Bb5+ Ke7 10. Nc4 Bd7 11. a4 Bxb5 12. axb5 Bc7 13. d3 h6 14. O-O f6 15.
Qh5 Qe8 16. Qxc5+ Kd8 17. Qxd4+ Qd7 18. Qxd7+ Kxd7 19. b6 Bb8 20. d4 Ne7 21. b3
Nc6 22. d5 Nb4 23. dxe6+ Kxe6 24. Ne3 a6 25. Bb2 Bf4 26. Nc4 Nxc2 27. Rad1 Rad8
28. f3 Be3+ 29. Kh1 Bxb6 30. Nxb6 Ne3 31. Rxd8 Rxd8 32. Re1 f5 33. h3 Rd6 34.
Nc4 Nxc4 35. bxc4 g6 36. exf5+ Kxf5 37. Re5+ Kf4 38. Kh2 Rc6 39. Re4+ Kf5 40.
g4+ Kg5 41. Kg3 h5 42. h4+ Kh6 43. g5+ Kh7 44. Ba3 Rc7 45. Bd6 Rc6 46. c5 a5 47.
Re7+ Kg8 48. Rxb7 Rc8 49. Rb8 Rxb8 50. Bxb8 Kf7 51. c6 Ke7 52. c7 Kd7 53. f4 a4
54. c8=Q+ Kxc8 55. Be5 a3 56. f5 gxf5 57. Kf4 Kd8 58. g6 Ke8 59. Kxf5 Kf8 60.
Kf6 Kg8 61. g7 a2 62. Kg6 a1=Q 63. Kf6 Qf1+ 64. Ke6 Qf7+ 65. Kd6 Qg6+ 66. Ke7
Qe4 67. Kf6 Qxh4+ 68. Kg6 Qg4+ 69. Kh6 {White resigns} 0-1

[Event "Team 45 45 League T32"]
[Site "Internet Chess Club"]
[Date "2007.02.19"]
[Round "5"]
[White "sdcohle"]
[Black "zatopek1"]
[Result "1/2-1/2"]
[WhiteElo "1401"]
[BlackElo "1394"]
[ECO "D45"]
[TimeControl "2700+45"]

1. d4 Nf6 2. c4 c6 3. Nf3 d5 4. e3 e6 5. Nc3 Bd6 6. Bd3 O-O 7. O-O Nbd7 8. Qc2
e5 9. dxe5 Nxe5 10. Nxe5 Bxe5 11. h3 Be6 12. Bf5 Re8 13. Ne2 dxc4 14. Bxe6 Rxe6
15. Qxc4 Qd5 16. Qxd5 Nxd5 17. Rb1 Rd6 18. Bd2 Rad8 19. Nd4 a6 20. Nf3 Bf6 21.
e4 Nb6 22. Ba5 c5 23. e5 Bxe5 24. Nxe5 Re8 25. Bxb6 Rxb6 26. Nf3 f6 27. b3 Re2
28. Ra1 Rd6 29. Rfe1 Rc2 30. Rec1 Rxc1+ 31. Rxc1 b6 32. Rc2 Kf7 33. Kf1 g5 34.
Rd2 Rc6 35. g4 b5 36. Ke2 c4 37. bxc4 Rxc4 38. Kd3 Rc1 39. h4 h6 40. hxg5 hxg5
41. Nd4 Rg1 42. f3 Rg3 43. Ke3 Rg1 44. Rc2 Ra1 45. Nb3 Re1+ 46. Kf2 Rh1 47. Kg2
Rd1 48. Rc1 Rd6 49. Rc2 b4 50. Kf2 Rd5 51. Nc5 a5 52. Ne4 a4 53. Ke3 a3 54. Nd2
Re5+ 55. Kf2 Kg6 56. Rc4 Rb5 57. Nb3 Rb6 58. Ke3 Re6+ 59. Kf2 Rb6 60. Ke3 Re6+
61. Kf2 Rb6 {Game drawn by repetition} 1/2-1/2

[Event "Team 45 45 League T32"]
[Site "Internet Chess Club"]
[Date "2007.02.18"]
[Round "5"]
[White "Rubacchus"]
[Black "walleye"]
[Result "1-0"]
[WhiteElo "1397"]
[BlackElo "1379"]
[ECO "C80"]
[TimeControl "2700+45"]

1. e4 e5 2. Nf3 Nc6 3. Bb5 a6 4. Ba4 Nf6 5. O-O Nxe4 6. Bxc6 dxc6 7. Nxe5 Bd6 8.
Re1 f6 9. Qh5+ g6 10. Nxg6 hxg6 11. Qxh8+ {Black resigns} 1-0

[Event "Team 45 45 League T32"]
[Site "Internet Chess Club"]
[Date "2007.02.18"]
[Round "5"]
[White "carolinaknight"]
[Black "AtomicDog"]
[Result "0-1"]
[WhiteElo "1224"]
[BlackElo "1442"]
[ECO "B90"]
[TimeControl "2700+45"]

1. e4 c5 2. Nf3 d6 3. d4 cxd4 4. Nxd4 a6 5. Nc3 Nf6 6. f3 e6 7. Bd2 Be7 8. Bc4
b5 9. Bb3 O-O 10. O-O Qd7 11. Be3 Nc6 12. Nde2 b4 13. Na4 Qe8 14. Nb6 Rb8 15. c3
bxc3 16. Nxc3 Qd8 17. Ba4 Rxb6 18. Bxb6 Qxb6+ 19. Rf2 Bb7 20. Rc1 Ne5 21. Rc2 d5
22. exd5 exd5 23. Qe2 Bd6 24. Rd2 d4 25. Ne4 Nxe4 26. fxe4 Bc5 27. Qh5 Nc4 28.
Rc2 d3 29. Rxc4 Bxf2+ 30. Kf1 Qe3 31. Qd1 Rd8 32. Rc3 Bxe4 33. Bb3 Qf4 {White
resigns} 0-1

[Event "Team 45 45 League T32"]
[Site "Internet Chess Club"]
[Date "2007.02.18"]
[Round "5"]
[White "Orforded"]
[Black "gilalva"]
[Result "1-0"]
[WhiteElo "1313"]
[BlackElo "1068"]
[ECO "C44"]
[TimeControl "2700+45"]

1. e4 e5 2. Nf3 Nc6 3. d4 d5 4. dxe5 dxe4 5. Qxd8+ Nxd8 6. Ng5 f5 7. Bc4 Nh6 8.
Nc3 Bb4 9. Bd2 Bxc3 10. Bxc3 Nc6 11. O-O-O a6 12. Be6 Bxe6 13. Nxe6 Rc8 14.
Nxg7+ Kf7 15. e6+ Kg6 16. h3 a5 17. Rd7 Rcd8 18. Rhd1 Rxd7 19. Rxd7 Rd8 20. e7
Rxd7 21. e8=Q+ Nf7 22. Qxd7 {Black resigns} 1-0

[Event "Team 45 45 League T32"]
[Site "Internet Chess Club"]
[Date "2007.02.17"]
[Round "5"]
[White "moreffee"]
[Black "Tomate"]
[Result "0-1"]
[WhiteElo "1331"]
[BlackElo "1375"]
[ECO "E91"]
[TimeControl "2700+45"]

1. e4 d6 2. c4 g6 3. Nf3 Bg7 4. d4 Nf6 5. Nc3 O-O 6. Be2 b6 7. O-O Bb7 8. Bf4
Nxe4 9. Nxe4 Bxe4 10. Ng5 Bb7 11. Qd2 Nd7 12. d5 Nf6 13. Bf3 Rc8 14. Rac1 c5 15.
b3 Rb8 16. Rfe1 Bc8 17. Ne4 Nd7 18. Bh6 Ne5 19. Bxg7 Nxf3+ 20. gxf3 Kxg7 21. Kg2
Qd7 22. Qc3+ Kg8 23. Rg1 Qh3+ 24. Kh1 Bf5 25. Ng3 Bd7 26. Rg2 Qh6 27. Rcg1 Qg7
28. Qxg7+ Kxg7 29. Nh5+ Kh8 30. Nf4 e5 31. Ne2 Bf5 32. Nc3 a6 33. Ne4 Rfd8 34.
h4 b5 35. h5 bxc4 36. Ng5 Kg8 37. bxc4 Rb2 38. a4 Ra2 39. a5 Rxa5 40. Ne4 Ra4
41. Nf6+ Kg7 42. Ne4 Rxc4 43. h6+ Kxh6 44. Rh2+ Kg7 45. Ng5 Rh8 46. Ne4 Rxe4 47.
fxe4 Bxe4+ {White resigns} 0-1

[Event "Team 45 45 League T32"]
[Site "Internet Chess Club"]
[Date "2007.02.18"]
[Round "5"]
[White "Visin"]
[Black "Mississippian"]
[Result "0-1"]
[WhiteElo "1361"]
[BlackElo "1416"]
[ECO "A34"]
[TimeControl "2700+45"]

1. c4 c5 2. Nc3 Nf6 3. Nf3 Nc6 4. d3 g6 5. e4 d6 6. Be2 Bg7 7. Be3 O-O 8. O-O e5
9. Qd2 Re8 10. Bg5 Qa5 11. a3 Bg4 12. b4 cxb4 13. axb4 Qxb4 14. Rab1 Qa5 15.
Bxf6 Bxf3 16. Bxf3 Nd4 17. Rxb7 Bxf6 18. Rfb1 Qd8 19. Nd5 Ne6 20. Ra1 Bg5 21.
Qa5 a6 22. Qxd8 Bxd8 23. Nb4 Nc5 24. Rb5 a5 25. Nc6 a4 26. Nxd8 Rexd8 27. Bd1 a3
28. Bb3 Nxd3 29. Ba2 Nc5 30. Rd1 Nxe4 31. Rb3 Rdb8 32. Rdb1 Rxb3 33. Rxb3 f5 34.
f3 Nc5 35. Rb6 Ra6 36. Rxa6 Nxa6 37. c5+ Kf8 38. cxd6 Ke8 39. Be6 Nc5 40. Ba2
Kd7 41. Kf2 Kxd6 42. Ke3 e4 43. fxe4 fxe4 44. Kd4 h6 45. g3 Kc6 46. h3 Kd6 47.
h4 h5 48. Kc3 Ke5 49. Bc4 e3 50. Kb4 a2 51. Bxa2 e2 52. Kxc5 e1=Q {White
resigns} 0-1

[Event "Team 45 45 League T32"]
[Site "Internet Chess Club"]
[Date "2007.02.17"]
[Round "5"]
[White "wekabird"]
[Black "katabatico"]
[Result "1/2-1/2"]
[WhiteElo "1246"]
[BlackElo "1281"]
[ECO "A20"]
[TimeControl "2700+45"]

1. c4 e5 2. e4 Nf6 3. Nc3 Nc6 4. Nf3 Bc5 5. h3 O-O 6. g3 d6 7. Bg2 Nd4 8. O-O
Nh5 9. Nxe5 Nxg3 10. fxg3 Nf3+ 11. Kh1 Nxe5 12. d4 Bb6 13. dxe5 dxe5 14. Nd5 Bd4
15. Rb1 c6 16. Be3 Bxe3 17. Nxe3 Qg5 18. Qf3 Be6 19. b3 Rad8 20. h4 Qe7 21. Ng4
Bxg4 22. Qxg4 Rd2 23. a4 Rfd8 24. Rfd1 f6 25. Rxd2 Rxd2 26. Rd1 Rxd1+ 27. Qxd1
g6 28. Kh2 Kg7 29. Bh3 Qa3 30. Qd7+ Kh6 31. Qf7 Qb2+ 32. Bg2 f5 33. exf5 Qc2 34.
Kh3 Qxf5+ 35. Qxf5 gxf5 36. Bf1 e4 37. Be2 Kg6 38. Kg2 Kf6 39. g4 fxg4 40. Bxg4
Ke5 41. Bc8 b6 42. Bb7 c5 43. Bd5 Kd4 44. Bg8 h6 45. Be6 e3 46. Bg4 Kc3 47. Bd1
Kd2 48. Bf3 e2 49. Bxe2 Kxe2 50. Kg3 Kd3 51. Kg4 Kc3 52. Kh5 Kxb3 53. Kxh6 Kxc4
54. Kg6 Kb4 55. h5 c4 56. h6 c3 57. h7 c2 58. h8=Q c1=Q 59. Qf8+ Qc5 60. Qf4+
Qc4 61. Qd2+ Kxa4 62. Qd1+ Qb3 63. Qd7+ Qb5 64. Qxa7+ Qa5 65. Qd7+ Qb5 66. Qd4+
Qb4 67. Qa1+ Qa3 {Game drawn by mutual agreement} 1/2-1/2

[Event "Team 45 45 League T32"]
[Site "Internet Chess Club"]
[Date "2007.02.16"]
[Round "5"]
[White "Tom45"]
[Black "Riddari"]
[Result "0-1"]
[WhiteElo "1216"]
[BlackElo "1277"]
[ECO "B20"]
[TimeControl "2700+45"]

1. e4 c5 2. c4 Nc6 3. Nf3 d6 4. d4 cxd4 5. Nxd4 Bd7 6. Be2 Nf6 7. Nc3 e5 8. Nxc6
Bxc6 9. Bg5 Be7 10. Bxf6 Bxf6 11. O-O O-O 12. b4 a6 13. a4 Qc7 14. Nd5 Bxd5 15.
exd5 e4 16. Rc1 Bg5 17. Rc2 f5 18. h3 Rac8 19. c5 f4 20. f3 e3 21. c6 bxc6 22.
Rxc6 Qd7 23. Rxc8 Qxc8 24. Qd3 Qb7 25. b5 axb5 26. axb5 Re8 27. Rc1 Rc8 28.
Rxc8+ Qxc8 29. Qa3 Qc2 30. Kf1 Qb1+ 31. Bd1 Qxd1# {White checkmated} 0-1

[Event "Team 45 45 League T32"]
[Site "Internet Chess Club"]
[Date "2007.02.16"]
[Round "5"]
[White "OnFire"]
[Black "Frankly"]
[Result "1-0"]
[WhiteElo "1710"]
[BlackElo "1628"]
[ECO "B75"]
[TimeControl "2700+45"]

1. e4 c5 2. Nf3 d6 3. d4 cxd4 4. Nxd4 Nf6 5. Nc3 g6 6. Be3 Bg7 7. f3 Nc6 8. Bb5
Bd7 9. Qd2 O-O 10. O-O-O Rc8 11. Bxc6 bxc6 12. g4 h5 13. gxh5 Nxh5 14. Bh6 c5
15. Nde2 Rb8 16. Bxg7 Kxg7 17. Nf4 Rh8 18. Nfd5 e6 19. Nf4 Rb6 20. Nxh5+ Rxh5
21. f4 Qb8 22. b3 c4 23. Qd4+ e5 24. fxe5 Rxe5 25. Qxc4 Rb4 26. Qd3 Re6 27. h4
Bb5 28. Nxb5 Rxb5 29. Rd2 Rbe5 30. Qc3 f6 31. Rg2 Rxe4 32. h5 g5 33. Rxg5+ Kf7
34. Rg6 Qb6 35. Rhg1 R6e5 36. Rg7+ Ke6 37. Qc8+ Kd5 38. Rd1+ Rd4 39. c4+ Ke4 40.
Qg4+ Ke3 41. Qg3+ Ke4 42. Rg4+ Kf5 43. Rgxd4 {Black resigns} 1-0

[Event "Team 45 45 League T32"]
[Site "Internet Chess Club"]
[Date "2007.02.18"]
[Round "5"]
[White "drflounder"]
[Black "TrickyBishop"]
[Result "1-0"]
[WhiteElo "1761"]
[BlackElo "1678"]
[ECO "C45"]
[TimeControl "2700+45"]

1. e4 e5 2. Nf3 Nc6 3. d4 exd4 4. Nxd4 Nxd4 5. Qxd4 c5 6. Qe3 Nf6 7. Nc3 Be7 8.
Qg3 O-O 9. Bh6 Nh5 10. Qf3 Bg5 11. Qxh5 Bxh6 12. Qxc5 b6 13. Qd5 Rb8 14. Bd3 Bb7
15. Qf5 g6 16. Qh3 Qg5 17. O-O Bc8 18. Qg3 Qxg3 19. hxg3 Bb7 20. Rad1 f5 21.
exf5 gxf5 22. Bc4+ Kh8 23. Rxd7 Bc6 24. Rd6 {Black resigns} 1-0